 Dungeon Crawl Stone Soup version 0.32-a0-314-g526f7d4993 (webtiles) character file.

Game seed: 18426684223956132172

78 Essalna the Magician (level 4, -3/24 HPs)
             Began as a Deep Elf Earth Elementalist on Feb 16, 2024.
             Slain by Sigmund
             ... wielding a +3 scythe of protection
              (7 damage)
             ... on level 3 of the Dungeon.
             The game lasted 00:03:38 (2174 turns).

Essalna the Magician (Deep Elf Earth Elementalist)  Turns: 2174, Time: 00:03:38

Health: -3/24      AC:  3    Str:  5    XL:     4   Next: 15%
Magic:  7/12       EV: 12    Int: 22    God:
Gold:   72         SH:  0    Dex: 15    Spells: 10/11 levels left

rFire   . . .        (no weapon)
rCold   . . .        (no shield)
rNeg    . . .        a - +0 robe
rPois   .            h - +0 helmet
rElec   .            (no cloak)
rCorr   .            (no gloves)
SInv    .            (no boots)
Will    .....        (no amulet)
Stlth   ++           (no ring)
HPRegen 0.24/turn    (no ring)
MPRegen 0.13/turn

%: no passive effects
@: no status effects
A: no striking features
a: no special abilities


You were on level 3 of the Dungeon.
You visited 1 branch of the dungeon, and saw 4 of its levels.

You collected 72 gold pieces.

Inventory:

Armour
 a - a +0 robe (worn)
 h - a +0 helmet (worn)
Magical Staves
 j - a staff of cold
Jewellery
 e - a ring of flight
Wands
 l - a wand of quicksilver (13)
Scrolls
 c - a scroll of amnesia {unknown}
 f - 2 scrolls of revelation {unknown}
 g - 2 scrolls of enchant armour {unknown}
 i - a scroll of vulnerability {unknown}
 m - a scroll of identify {unknown}
Potions
 b - a potion of magic
 d - a potion of enlightenment


   Skills:
 - Level 2.4 Dodging
 - Level 2.4 Stealth
 + Level 4.3 Spellcasting
 + Level 2.6 Conjurations
 + Level 4.1 Earth Magic


You had 10 spell levels left.
You knew the following spells:

 Your Spells              Type           Power      Damage    Failure   Level
a - Sandblast             Erth           46%        2d11      1%          1

Your spell library contained the following spells:

 Spells                   Type           Power      Damage    Failure   Level
 Passwall                 Erth           23%        N/A       6%          3
 Stone Arrow              Conj/Erth      38%        3d9       9%          3
 Brom's Barrelling Bould  Conj/Erth      19%        2d4       26%         4
 Inner Flame              Hex/Fire       4%         N/A       32%         3
 Volatile Blastmotes      Fire/Tloc      8%         2d10      32%         3
 Petrify                  Alch/Erth      13%        N/A       43%         4
 Fulminant Prism          Conj/Alch      5%         3d7       54%         4
 Iskenderun's Mystic Bla  Conj/Tloc      10%        2d4       54%         4
 Irradiate                Conj/Alch      5%         3d13      87%         5
 Ignition                 Fire           2%         3d3       100%        8


Dungeon Overview and Level Annotations

Branches:
Dungeon (4/15)
 Temple: D:4-7

Altars:

Shops:
D:1 ?   D:3 =

Annotations:
D:3 Sigmund


Message History

Sigmund is severely wounded.
Sigmund closely misses you.
Casting: Sandblast (safe; 1% risk of failure)
Confirm with . or Enter, or press ? or * to list all spells.
Aiming: Sandblast (safe; 1% risk of failure)
Press: ? - help, Shift-Dir - straight line, f/p - Sigmund
Aim: Sigmund, wielding a +3 scythe of protection and wearing a +0 robe (severely wounded, 81% to hit)
The blast of sand hits Sigmund.
Sigmund is almost dead.
Sigmund gestures at you while chanting. The puff of flame hits you!
Sigmund says, "Now you see me, now you don't..."
Sigmund closely misses you.
Casting: Sandblast (safe; 1% risk of failure)
Confirm with . or Enter, or press ? or * to list all spells.
Aiming: Sandblast (safe; 1% risk of failure)
Press: ? - help, Shift-Dir - straight line, f/p - Sigmund
Aim: Sigmund, wielding a +3 scythe of protection and wearing a +0 robe (almost dead, 81% to hit)
The blast of sand misses Sigmund.
Sigmund casts a spell at you. The magic dart hits you.
Casting: Sandblast (safe; 1% risk of failure)
Confirm with . or Enter, or press ? or * to list all spells.
Aiming: Sandblast (safe; 1% risk of failure)
Press: ? - help, Shift-Dir - straight line, f/p - Sigmund
Aim: Sigmund, wielding a +3 scythe of protection and wearing a +0 robe (almost dead, 81% to hit)
The blast of sand hits Sigmund but does no damage.
Sigmund is almost dead.
Sigmund gestures at you while chanting. The magic dart hits you!
* * * LOW HITPOINT WARNING * * *
Casting: Sandblast (safe; 1% risk of failure)
Confirm with . or Enter, or press ? or * to list all spells.
Aiming: Sandblast (safe; 1% risk of failure)
Press: ? - help, Shift-Dir - straight line, f/p - Sigmund
Aim: Sigmund, wielding a +3 scythe of protection and wearing a +0 robe (almost dead, 81% to hit)
The blast of sand misses Sigmund.
Sigmund hits you from afar with a +3 scythe of protection!
You die...
Sigmund begins carving another notch in his scythe.

#...####........#
#...####......#.#
#.............#.#
#..#####......#.#
#..#####......#.#
#.............#.#
#.#############@# #.# #.# ##.##
#.# #.. #.# #####.@.##### #.#
#.# #.# #...........# #.# #(#
#.# #.###...###.# #.# #.## #.#
#.........#.####.# #.## #.#
#.............##.###.## #.#
#.####.##.#............ #.#
##.####.##.###.##.......
#.#######...#..........##.###.#.
#.........#...#####.#..##.# #...


You could see Sigmund.

Vanquished Creatures
  An adder (D:2)
  6 ball pythons
  3 endoplasms
  A giant cockroach (D:2)
  4 goblins
  6 hobgoblins
  4 kobolds
  4 quokkas
  6 bats
  3 rats
38 creatures vanquished.

Notes
Turn   | Place    | Note
-------+----------+-------------------------------------------
     0 | D:1      | Essalna the Deep Elf Earth Elementalist began the quest for
                  | the Orb.
     0 | D:1      | Reached XP level 1. HP: 10/10 MP: 6/6
    49 | D:1      | Reached XP level 2. HP: 15/15 MP: 6/8
   513 | D:1      | Reached XP level 3. HP: 19/19 MP: 6/10
   607 | D:1      | Found Foihov's Magic Scroll Shoppe.
  1621 | D:2      | Reached XP level 4. HP: 24/24 MP: 10/12
  1937 | D:3      | Found Kosobudo's Jewellery Shop.
  2033 | D:3      | Noticed Sigmund
  2041 | D:3      | HP: 1/24 [Sigmund/+3 scythe of protection (6)]
  2071 | D:3      | HP: 1/24 [something/magic dart (11)]
  2174 | D:3      | Slain by Sigmund

Illustrated notes

Levels and vault maps discovered:
D:1:      sevenhm_arrival_forest_fort_small_4, layout_basic, serial_shops,
          nicolae_shop_pleasant_corner_grove, minmay_pentomino_t2
D:2:      layout_basic
D:3:      layout_loops_ring, serial_shops, shop, uniq_sigmund, uniq_natasha
D:4:      layout_rooms, minmay_temple_entry_proselytizer

Skill      XL: |  1  2  3 |
---------------+----------+-----
Conjurations   | 2 |  2.6
Spellcasting   | 4 |  4.3
Earth Magic    | 4 |  4.1
Dodging        | |  2.4
Stealth        | |  2.4

Action                     |  1- 3 |  4- 6 || total
---------------------------+-------+-------++-------
   Cast: Sandblast         |    36 |    24 ||    60
    Use: Potion            |       |     2 ||     2
 Armour: Robe              |     2 |    11 ||    13
  Dodge: Dodged            |     2 |     8 ||    10

Table legend: (Time is in decaauts)
 A = Elapsed time spent in this place.
 B = Non-inter-level travel time spent in this place.
 C = Inter-level travel time spent in this place.
 D = Time resting spent in this place.
 E = Time spent auto-exploring this place.
 F = Levels seen in this place.
 G = Mean time per level.
                   A        B        C        D        E       F      G
               +--------+--------+--------+--------+--------+-----+--------+
         Total |   2204 |   2131 |     73 |     52 |   1794 |   4 |  551.0 |
       Dungeon |   2204 |   2131 |     73 |     52 |   1794 |   4 |  551.0 |
               +--------+--------+--------+--------+--------+-----+--------+

Top non-repeatable levels by time:
     D:1: 1091 daAuts
     D:2: 837 daAuts
     D:3: 273 daAuts
     D:4: 1 daAuts
